 Dungeon Crawl Stone Soup version 0.28.0 (webtiles) character file.

Game seed: 11019021055466172622

86 Flippered the Slasher (level 4, -1/41 HPs)
             Began as a Gnoll Chaos Knight on Feb 18, 2022.
             Was a Plaything of Xom.
             Slain by an orc (2 damage)
             ... on level 3 of the Dungeon.
             The game lasted 00:04:01 (2097 turns).

Flippered the Slasher (Gnoll Chaos Knight)          Turns: 2097, Time: 00:04:02

Health: -1/41      AC:  7    Str: 11    XL:     4   Next: 50%
Magic:  5/5        EV: 12    Int: 14    God:    Xom [....*.]
Gold:   103        SH:  0    Dex: 11    Spells: 5/5 levels left

rFire   . . .      SeeInvis .   a - +2 quarterstaff (chaos)
rCold   . . .      Faith    .   (shield currently unavailable)
rNeg    . . .      Spirit   .   b - +2 leather armour
rPois   .          Reflect  .   e - +1 helmet
rElec   .          Harm     .   (no cloak)
rCorr   .          Rampage  .   (no gloves)
Will    .....                   (no boots)
Stlth   +.........              (no amulet)
HPRegen 0.13/turn               (no ring)
MPRegen 0.09/turn               (no ring)

@: no status effects
A: fangs 1, strong nose, distributed training
a: Renounce Religion


You were on level 3 of the Dungeon.
You worshipped Xom.
You were a beloved toy of Xom.
You visited 1 branch of the dungeon, and saw 3 of its levels.

You collected 103 gold pieces.

Inventory:

Hand Weapons
 a - a +2 quarterstaff of chaos (weapon)
Missiles
 f - 23 arrows
 g - 50 stones (quivered)
 h - 4 poisoned darts
Armour
 b - a +2 leather armour (worn)
 e - a +1 helmet (worn)
Scrolls
 i - a scroll of amnesia {unknown}
 j - a scroll of acquirement {unknown}
 k - a scroll of teleportation {unknown}
 m - a scroll of identify {unknown}
 o - a scroll of enchant weapon {unknown}
Potions
 c - 3 potions of curing {unknown}
 d - a potion of degeneration {unknown}
 l - a potion of brilliance {unknown}
 n - a potion of cancellation {unknown}


   Skills:
 + Level 6.6 Fighting
 + Level 1.1 Short Blades
 + Level 6.6 Long Blades
 + Level 1.1 Axes
 + Level 1.1 Maces & Flails
 + Level 1.1 Polearms
 + Level 1.1 Staves
 + Level 1.1 Slings
 + Level 1.1 Bows
 + Level 1.1 Crossbows
 + Level 1.1 Throwing
 + Level 4.6 Armour
 + Level 2.7 Dodging
 + Level 1.1 Stealth
 + Level 1.1 Shields
 + Level 1.1 Unarmed Combat
 + Level 1.1 Spellcasting
 + Level 0.9 Conjurations
 + Level 0.9 Hexes
 + Level 0.9 Summonings
 + Level 0.9 Necromancy
 + Level 0.9 Translocations
 + Level 0.9 Transmutations
 + Level 0.9 Fire Magic
 + Level 0.9 Ice Magic
 + Level 0.9 Air Magic
 + Level 0.9 Earth Magic
 + Level 0.9 Poison Magic
 + Level 1.2 Invocations
 + Level 1.1 Evocations


You had 5 spell levels left.
You didn't know any spells.
Your spell library contained the following spells:

 Spells                   Type           Power      Damage    Failure   Level
 Summon Lightning Spire   Summ/Air       3%         N/A       92%         4
 Storm Form               Tmut/Air       1%         N/A       100%        7
 Maxwell's Capacitive Co  Air            1%         ∞         100%        8


Dungeon Overview and Level Annotations

Branches:
Dungeon (3/15)

Altars:
Okawaru


Innate Abilities, Weirdness & Mutations

You have very sharp teeth.
Your uncanny sense of smell can sniff out nearby items.
Your experience applies equally to all skills.


Message History

The orc hits you with a +2 hand axe of electrocution.
* * * LOW HITPOINT WARNING * * *
You closely miss the orc.
The orc is severely wounded.
The orc barely misses you. "This place needs a little more atmosphere."
Found a stone staircase leading down.
There is a stone staircase leading up here.
You climb upwards.
Reactivating autopickup.
There is a stone staircase leading down here.
Really walk into that cloud of seething chaos?
Okay, then.
You start resting.
Your trail of clouds dissipates.
You start resting.
HP restored.
There is a stone staircase leading down here.
You climb downwards.
There is a stone staircase leading up here.
An orc wizard is nearby!
The orc wizard gestures at you while chanting.
The magic dart hits you.
The orc wizard points at you and mumbles some strange words.
The magic dart hits you.
You closely miss the orc wizard. The orc hits you but does no damage.
You are electrocuted!
The orc wizard hits you but does no damage.
You closely miss the orc wizard. You bite the orc wizard.
The orc wizard is lightly wounded.
The orc hits you but does no damage. The orc wizard closely misses you.
You closely miss the orc wizard. You bite the orc wizard.
The orc wizard is moderately wounded.
The orc hits you with a +2 hand axe of electrocution.
You are electrocuted!!
* * * LOW HITPOINT WARNING * * *
Xom thinks this is hilarious!
The orc wizard hits you but does no damage.
The orc hits you with a +2 hand axe of electrocution.
You die...

.......#........##
....>............#
.....#..........#
.....#..........###
#.[............# #.[..#
##....<...^..#.. #....#
###.............
#....######...........###
#.[........@.#........#
#....####.oo###...##.## .##
#....# #...........#.# ....
#....###..#.).).#..# # .....
#.# #..##.._..##....
......##.###...#.).).#...##.
.........)o..............#
.......#.#####...###......
......##.####.....#.....#.#∆


You could see an orc wizard and an orc.

Vanquished Creatures
  An adder (D:2)
  3 dart slugs (D:1)
  7 ball pythons
  6 endoplasms
  3 giant cockroaches (D:1)
  2 goblins
  4 hobgoblins
  5 kobolds
  4 quokkas
  6 bats
  2 frilled lizards
  5 rats
48 creatures vanquished.

Vanquished Creatures (others)
  An orc priest (D:3)
1 creature vanquished.

Grand Total: 49 creatures vanquished

Notes
Turn   | Place    | Note
-------+----------+-------------------------------------------
     0 | D:1      | Flippered the Gnoll Chaos Knight began the quest for the
                  | Orb.
     0 | D:1      | Reached XP level 1. HP: 23/23 MP: 1/1
   287 | D:1      | Reached XP level 2. HP: 29/29 MP: 2/2
   290 | D:1      | Found a faded altar of an unknown god.
   323 | D:1      | XOM: divination: detect items
   505 | D:1      | XOM: silly message
   544 | D:1      | Reached XP level 3. HP: 35/35 MP: 3/3
   632 | D:1      | XOM: silly message
   655 | D:1      | XOM: 2-stop teleportation journey
   720 | D:1      | XOM: god gift: +2 quarterstaff of chaos
   839 | D:1      | Reached skill level 1 in Invocations
  1243 | D:2      | Reached skill level 1 in Short Blades
  1243 | D:2      | Reached skill level 1 in Axes
  1243 | D:2      | Reached skill level 1 in Maces & Flails
  1243 | D:2      | Reached skill level 1 in Polearms
  1243 | D:2      | Reached skill level 1 in Staves
  1243 | D:2      | Reached skill level 1 in Slings
  1243 | D:2      | Reached skill level 1 in Bows
  1243 | D:2      | Reached skill level 1 in Crossbows
  1243 | D:2      | Reached skill level 1 in Throwing
  1243 | D:2      | Reached skill level 1 in Stealth
  1243 | D:2      | Reached skill level 1 in Shields
  1243 | D:2      | Reached skill level 1 in Unarmed Combat
  1243 | D:2      | Reached skill level 1 in Spellcasting
  1243 | D:2      | Reached skill level 1 in Evocations
  1243 | D:2      | Reached XP level 4. HP: 29/41 MP: 5/5
  1273 | D:2      | XOM: 5-stop teleportation journey
  1343 | D:2      | XOM: cloud trail
  1795 | D:3      | Found an iron altar of Okawaru.
  1844 | D:3      | XOM: cloud trail
  2097 | D:3      | HP: 1/41 [orc (20)]
  2097 | D:3      | Slain by an orc

Illustrated notes

Levels and vault maps discovered:
D:1:      sevenhm_arrival_forest_fort_small_3, layout_loops_ring,
          chequers_ecumenical_altar_island
D:2:      minmay_chambers_of_ones, layout_basic
D:3:      layout_rooms, okawaru_ov_weapons_minmay, uniq_natasha

Skill      XL: |  1  2  3 |
---------------+----------+-----
Invocations    | 1 |  1.2
Short Blades   | 1 |  1.1
Axes           | 1 |  1.1
Maces & Flails | 1 |  1.1
Polearms       | 1 |  1.1
Staves         | 1 |  1.1
Slings         | 1 |  1.1
Bows           | 1 |  1.1
Crossbows      | 1 |  1.1
Throwing       | 1 |  1.1
Stealth        | 1 |  1.1
Shields        | 1 |  1.1
Unarmed Combat | 1 |  1.1
Spellcasting   | 1 |  1.1
Evocations     | 1 |  1.1
Fighting       | |  6.6
Long Blades    | |  6.6
Armour         | |  4.6
Dodging        | |  2.7
Conjurations   | |  0.9
Hexes          | |  0.9
Summonings     | |  0.9
Necromancy     | |  0.9
Translocations | |  0.9
Transmutations | |  0.9
Fire Magic     | |  0.9
Ice Magic      | |  0.9
Air Magic      | |  0.9
Earth Magic    | |  0.9
Poison Magic   | |  0.9

Action                   |  1- 3 |  4- 6 || total
-------------------------+-------+-------++-------
Melee: Falchion          |    59 |       ||    59
       Bite              |     3 |     3 ||     6
       Punch             |     1 |       ||     1
       Quarterstaff      |    37 |    28 ||    65
 Stab: Sleeping          |     2 |       ||     2
Armor: Leather armour    |    42 |    10 ||    52
Dodge: Dodged            |    52 |    15 ||    67
